 Dungeon Crawl Stone Soup version 0.29.1-15-g9cfb28693d (webtiles) character file.

Game seed: 4941686301613413523

90 croobank the Sneak (level 4, -6/28 HPs)
             Began as an Octopode Fire Elementalist on Apr 14, 2023.
             Killed from afar by an orc wizard (10 damage)
             ... with a magic dart
             ... on level 3 of the Dungeon.
             The game lasted 00:04:43 (2423 turns).

croobank the Sneak (Octopode Fire Elementalist)     Turns: 2423, Time: 00:04:44

Health: -6/28      AC:  1    Str:  7    XL:     4   Next: 56%
Magic:  4/7        EV: 13    Int: 19    God:
Gold:   171        SH:  0    Dex: 12    Spells: 5/8 levels left

rFire   . . .      SeeInvis .   j - +0 dagger
rCold   . . .      Faith    .   (no shield)
rNeg    . . .      Spirit   .   (helmet restricted)
rPois   .          Reflect  .   (no amulet)
rElec   .          Harm     .   (no ring)
rCorr   .          Rampage  .   (no ring)
Will    .....                   (no ring)
Stlth   +++.......              (no ring)
HPRegen 0.09/turn               (no ring)
MPRegen 0.10/turn               (no ring)
                                (no ring)
                                (no ring)

@: no status effects
A: almost no armour, amphibious, 8 rings, camouflage 1, gelatinous body 1,
(nimble swimmer 1), tentacles
a: no special abilities


You were on level 3 of the Dungeon.
You visited 1 branch of the dungeon, and saw 3 of its levels.

You collected 171 gold pieces.

Inventory:

Hand Weapons
 j - a +0 dagger (weapon)
 o - a +0 short sword
Armour
 e - an orb of energy
Scrolls
 b - 3 scrolls of teleportation {unknown}
 c - 2 scrolls of fear {unknown}
 d - 2 scrolls of identify {unknown}
 f - a scroll of poison {unknown}
 i - a scroll of brand weapon {unknown}
 l - a scroll of noise {unknown}
 m - a scroll of blinking {unknown}
 n - a scroll of magic mapping {unknown}
 q - a scroll of torment {unknown}
 r - a scroll of fog {unknown}
 s - a scroll of enchant armour {unknown}
Potions
 a - 2 potions of magic
 h - a potion of brilliance {unknown}
 k - a potion of degeneration {unknown}
 p - a potion of cancellation {unknown}


   Skills:
 + Level 1.0 Fighting
 + Level 2.6 Dodging
 + Level 3.6 Stealth
 + Level 2.5 Spellcasting
 + Level 1.9 Conjurations
 + Level 3.4 Fire Magic


You had 5 spell levels left.
You knew the following spells:

 Your Spells              Type           Power      Damage    Failure   Level
a - Foxfire               Conj/Fire      48%        2x1d6     5%          1
b - Scorch                Fire           30%        2d6       6%          2

Your spell library contained the following spells:

 Spells                   Type           Power      Damage    Failure   Level
 Conjure Flame            Conj/Fire      12%        6-21      16%         3
 Inner Flame              Hex/Fire       8%         N/A       24%         3
 Flame Wave               Conj/Fire      12%        2d6       45%         4


Dungeon Overview and Level Annotations

Branches:
Dungeon (3/15)

Altars:


Innate Abilities, Weirdness & Mutations

You cannot wear most types of armour.
You are amphibious.
You can wear up to eight rings at the same time.
Your skin changes colour to match your surroundings (Stealth+).
Your rubbery body absorbs attacks. (AC +1, EV +1)
((You are camouflaged when in or above water. (Stealth+)))
You have tentacles for arms and can constrict up to eight enemies at once.


Message History

Okay, then.
An orc comes into view. It is wielding a +0 whip.
Something hits you.
You barely miss something.
The orc shouts!
Your squeeze misses something. The orc attacks as you move away!
The orc closely misses you.
You feel less confused.
You hit the orc. Your grab misses the orc.
The orc is lightly wounded.
The orc misses you.
You barely miss the orc. You grab the orc. You squeeze the orc.
The orc is severely wounded.
You constrict the orc. The orc misses you. Something barely misses you.
You hit the orc.
You kill the orc!
Something hits you.
You hit something. Something hits you.
You miss something. You squeeze something.
You hear some strange, mumbled words.
A puff of flame appears from out of thin air!
The puff of flame misses you.
You miss something. Something hits you.
You barely miss something. Your squeeze misses something. Something hits you.
The orc barely misses you.
You hit the orc but do no damage. Your grab misses the orc.
You hear some strange, mumbled words.
A magic dart appears from out of thin air!
The magic dart hits you! The orc barely misses you.
You barely miss the orc. Your grab misses the orc. Something barely misses you.
The orc hits you with a +0 whip.
* * * LOW HITPOINT WARNING * * *
Casting: Scorch (safe; 6% risk of failure)
Confirm with . or Enter, or press ? or * to list all spells.
Flames lash the orc.
You kill the orc!
You hear some strange, mumbled words.
A magic dart appears from out of thin air!
The magic dart hits you!
You die...

. .. .... ....######
>.......@# .......{)#
.........##########
..................#
......†..<........#
..!...............###...
....................)...
#####.##....o.....###...
#.............#


There were no monsters in sight!

Vanquished Creatures
  An orc wizard (D:3)
  An adder (D:2)
  An ufetubus (D:3)
  A worm (D:3)
  3 dart slugs
  3 orcs (D:3)
  2 bats
  3 endoplasms
  A giant cockroach (D:3)
  4 goblins
  3 hobgoblins
  5 jackals
  A kobold (D:2)
  2 quokkas
  5 ball pythons
  2 rats
38 creatures vanquished.

Vanquished Creatures (others)
  108 foxfires
108 creatures vanquished.

Grand Total: 146 creatures vanquished

Notes
Turn   | Place    | Note
-------+----------+-------------------------------------------
     0 | D:1      | croobank the Octopode Fire Elementalist began the quest for
                  | the Orb.
     0 | D:1      | Reached XP level 1. HP: 11/11 MP: 3/3
   351 | D:1      | Found a faded altar of an unknown god.
   352 | D:1      | Noticed a great orb of eyes
   358 | D:1      | Noticed an eye of devastation
   361 | D:1      | Noticed a great orb of eyes
   361 | D:1      | Noticed a floating eye
   452 | D:1      | Reached XP level 2. HP: 17/17 MP: 1/5
   496 | D:1      | Learned a level 2 spell: Scorch
   877 | D:2      | Reached XP level 3. HP: 21/21 MP: 0/6
  2140 | D:3      | Reached XP level 4. HP: 27/27 MP: 2/7
  2262 | D:3      | Reached skill level 1 in Fighting
  2423 | D:3      | Killed from afar by an orc wizard

Illustrated notes

Levels and vault maps discovered:
D:1:      eino_arrival_water_star, layout_basic,
          hellmonk_ecumenical_altar_watching_god
D:2:      layout_basic
D:3:      layout_rooms, pdpol_wu_jian_five_deadly_venoms

Skill      XL: |  1  2  3  4 |
---------------+-------------+-----
Stealth        | 3 |  3.6
Fighting       | 1 |  1.0
Dodging        | |  2.6
Spellcasting   | |  2.5
Conjurations   | |  1.9
Fire Magic     | |  3.4

Action                   |  1- 3 |  4- 6 || total
-------------------------+-------+-------++-------
Melee: Unarmed           |     4 |       ||     4
       Tentacles         |     2 |     2 ||     4
       Constrict         |     1 |     1 ||     2
       Dagger            |     2 |    10 ||    12
 Cast: Foxfire           |    51 |    10 ||    61
       Scorch            |    10 |     2 ||    12
  Use: Potion            |       |     1 ||     1
 Stab: Sleeping          |     1 |       ||     1
Armor: Skin              |     3 |       ||     3
Dodge: Dodged            |    13 |     8 ||    21
